 Dungeon Crawl Stone Soup version 0.23.0 (webtiles) character file.

Game seed: 18010793405372548513

51407 Lanoc the Carver (level 14, -13/122 HPs)
             Began as a Demonspawn Monk on Feb 11, 2019.
             Was the Champion of Dithmenos.
             Drowned by a drowned soul (16 damage)
             ... summoned by a merfolk avatar
             ... on level 6 of the Lair of Beasts on Feb 12, 2019.
             The game lasted 00:54:09 (16470 turns).

Lanoc the Carver (Demonspawn Monk)                 Turns: 16470, Time: 00:54:10

Health: -13/122    AC: 21    Str: 31    XL:     14   Next: 23%
Magic:  0/22       EV: 27    Int: 13    God:    Dithmenos [******]
Gold:   1443       SH: 13    Dex: 15    Spells: 13/13 levels left

rFire    . . .     SeeInvis +   x - +4 scimitar (flame)
rCold    + . .     Gourm    .   K - +0 buckler
rNeg     . . .     Faith    .   N - +3 chain mail {rC+}
rPois    .         Spirit   +   I - +0 hat {SInv}
rElec    .         Reflect  +   C - +4 cloak of Kiusmam {-Cast MR+ Str+10 Stlth+}
rCorr    .         Harm     .   (no gloves)
MR       ++...     NoCast   +   (boots unavailable)
Stlth    ..........             D - brooch of Shielding {Reflect SH+8}
HPRegen  0.30/turn              r - +6 ring of evasion
MPRegen  0.36/turn              i - +6 ring of evasion

@: mighty, wreathed by umbra, very slow
A: claws 1, hooves 3, molten scales 1, powered by death 2, robust 1, magic
shield, magic regeneration
a: Shadow Step, Shadow Form, Renounce Religion


You were on level 6 of the Lair of Beasts.
You worshipped Dithmenos.
Dithmenos was exalted by your worship.
You were very full.

You visited 3 branches of the dungeon, and saw 19 of its levels.
You also visited: Ossuary and Gauntlet.

You collected 1443 gold pieces.

Inventory:

Hand Weapons
 x - a +4 scimitar of flaming (weapon)
 L - a +0 double sword
Armour
 C - the +4 cloak of Kiusmam (worn) {-Cast MR+ Str+10 Stlth+}
   (You found it in a Gauntlet)

   It affects your strength (+10).
   It affects your resistance to hostile enchantments.
   It prevents spellcasting.
   It makes you more stealthy.
 I - a +0 hat of see invisible (worn)
 K - a +0 buckler (worn)
 N - a +3 chain mail of cold resistance (worn)
 S - the +0 cloak "Echytuy" {rN+ Str+3 Int-2 Dex+6}
   (You found it in a Gauntlet)

   It affects your strength (+3).
   It affects your intelligence (-2).
   It affects your dexterity (+6).
   It protects you from negative energy.
Jewellery
 i - a +6 ring of evasion (right claw)
 r - a +6 ring of evasion (left claw)
 w - an uncursed ring of protection from cold
 D - the brooch of Shielding (around neck) {Reflect SH+8}
   (You found it on level 6 of the Lair of Beasts)

   [amulet of reflection]

   It shields you and reflects attacks.
   It affects your SH (+8).
 O - an uncursed ring of positive energy
 P - an uncursed ring of magical power
Wands
 a - a wand of paralysis (7)
 l - a wand of flame (61)
 m - a wand of clouds (5)
 y - a wand of random effects (37)
 B - a wand of polymorph (15)
 E - a wand of acid (18)
 G - a wand of digging (8)
 H - a wand of iceblast (10)
Scrolls
 b - 5 scrolls of blinking
 d - 11 scrolls of identify
 f - 3 scrolls of enchant weapon
 g - 5 scrolls of amnesia
 h - 3 scrolls of immolation
 j - 9 scrolls of remove curse
 k - a scroll of fear
 q - 4 scrolls of teleportation
 z - a scroll of magic mapping
 A - a scroll of summoning
 M - a scroll of torment
 Q - 2 scrolls of enchant armour
Potions
 e - 4 potions of haste
 n - 5 potions of mutation
 o - 6 potions of curing
 p - 3 potions of lignification
 s - a potion of brilliance
 u - 2 potions of resistance
 v - 3 potions of flight
 F - a potion of might
Miscellaneous
 R - a phial of floods
Comestibles
 c - 39 rations


   Skills:
 + Level 10.8 Fighting
 * Level 13.4 Long Blades
 + Level 9.6 Armour
 + Level 10.1 Dodging
 - Level 1.7 Stealth
 - Level 4.0 Shields
 + Level 11.3 Invocations


You had 13 spell levels left.
You didn't know any spells.
Your spell library contained the following spells:

 Spells                   Type           Power        Failure   Level  Hunger
 Beastly Appendage        Tmut           #.....       75%         1    ##.....
 Confusing Touch          Hex            #.....       75%         1    ##.....
 Corona                   Hex            #......      75%         1    ##.....
 Freeze                   Ice            #...         75%         1    ##.....
 Magic Dart               Conj           #...         75%         1    ##.....
 Shock                    Conj/Air       #...         75%         1    ##.....
 Sting                    Conj/Pois      #...         75%         1    ##.....
 Blink                    Tloc           N/A          87%         2    ###....
 Call Imp                 Summ           #.......     87%         2    ###....
 Ensorcelled Hibernation  Hex/Ice        #.....       87%         2    ###....
 Poisonous Vapours        Pois/Air       #.....       87%         2    ###....
 Slow                     Hex            #.......     87%         2    ###....
 Sticks to Snakes         Tmut           #.......     87%         2    ###....
 Swiftness                Chrm/Air       #.......     87%         2    ###....
 Throw Frost              Conj/Ice       #.....       87%         2    ###....
 Confuse                  Hex            #.......     98%         3    ####...
 Conjure Flame            Conj/Fire      #.......     98%         3    ####...
 Dazzling Spray           Conj/Hex       #.....       98%         3    ####...
 Gell's Gravitas          Tloc           #.........   98%         3    ####...
 Mephitic Cloud           Conj/Pois/Air  #.......     98%         3    ####...
 Ozocubu's Armour         Chrm/Ice       #.......     98%         3    ####...
 Spider Form              Tmut/Pois      #.........   98%         3    ####...
 Static Discharge         Conj/Air       #.......     98%         3    ####...
 Tukima's Dance           Hex            #.......     98%         3    ####...
 Airstrike                Air            #.........   100%        4    #####..
 Ice Form                 Ice/Tmut       #.......     100%        4    #####..
 Olgreb's Toxic Radiance  Pois           #.......     100%        4    #####..
 Petrify                  Tmut/Erth      #.......     100%        4    #####..
 Summon Ice Beast         Ice/Summ       #.......     100%        4    #####..
 Throw Icicle             Conj/Ice       #.......     100%        4    #####..
 Blade Hands              Tmut           #.........   100%        5    ######.
 Lightning Bolt           Conj/Air       #.........   100%        5    ######.
 Metabolic Englaciation   Hex/Ice        #.........   100%        5    ######.
 Venom Bolt               Conj/Pois      #.........   100%        5    ######.
 Yara's Violent Unravell  Hex/Tmut       #.........   100%        5    ######.


Dungeon Overview and Level Annotations

Branches:
Dungeon (12/15)            Temple (1/1) D:6            Lair (6/6) D:8
 Shoals (0/4) Lair:2        Snake (0/4) Lair:2        Slime (0/5) Lair:6
    Orc (0/2) D:12

Altars:
Ashenzari
Cheibriados
Dithmenos
Elyvilon
Fedhas
Gozag
Hepliaklqana
Kikubaaqudgha
Makhleb
Nemelex Xobeh
Okawaru
Qazlal
Ru
Sif Muna
Trog
Uskayaw
Vehumet
Wu Jian
Xom
Yredelemnul
Zin
The Shining One

Portals:
Trove: D:11 (give +7 demon trident)

Annotations:
D:8 1 runed translucent door, Fingolfin's ghost, novice NaWz
D:11 trove, +7 demon trident


Innate Abilities, Weirdness & Mutations

You have hooves in place of feet.
You are partially covered in molten scales. (AC +2)
You regenerate health from kills.
When hurt, damage is shared between your health and your magic reserves.
You regenerate magic rapidly.
You have sharp fingernails.
You are robust. (+10% HP)


Message History

The drowned soul touches you. The drowned soul drowns you!
* * * LOW HITPOINT WARNING * * *
You block the drowned soul's attack.
Blink to where?
Press: ? - help, Dir - move target cursor You cannot blink away from the merfolk avatar!
Blink to where?
Press: ? - help, Dir - move target cursor, f - you
Okay, then.
Unknown command.
Unknown command.
As you read the scroll of fear, it crumbles to dust.
You assume a fearsome visage.
The drowned soul is unaffected. x2
The merfolk avatar looks frightened!
The merfolk avatar stops singing.
You are no longer entranced.
The merfolk avatar's song is interrupted.
The drowned soul touches you. The drowned soul drowns you!
* * * LOW HITPOINT WARNING * * *
The drowned soul touches you. The drowned soul drowns you!
You die...

P..
8≈≈≈≈≈≈≈≈≈≈8#≈≈≈≈.... ..
#####≈≈P≈#####≈≈≈P....
..
#≈≈≈≈≈≈≈≈≈≈≈8#≈≈##≈...
.. ≈
#≈≈≈≈≈≈§§§≈≈≈#≈≈.#....
..
≈≈#≈≈≈≈≈§§§§≈≈≈#≈≈≈≈≈...
..
≈≈.≈#≈P$§§§§≈#≈.≈≈≈≈....
..
≈≈#≈≈≈≈(§§§≈≈≈≈.#≈.#)...
.. ≈≈.≈≈#≈:§§§§≈≈≈.#
#≈... ..
≈≈#≈P≈≈@!?%§≈#≈.≈≈≈≈≈...
..
#≈P≈≈≈≈≈≈≈≈≈≈#≈≈≈≈.<..
..
#≈≈≈≈≈≈≈≈≈≈≈≈#≈≈##≈...
.. #8≈≈≈≈≈≈≈≈≈≈8# #....
.. ############## ≈P...
.. ≈.... .. #.... ..
#.... .. ....


There were no monsters in sight!

Vanquished Creatures
  Gastronok (D:12)
  A dire elephant (Lair:6)
  A minotaur (Gauntlet)
  Snorg (D:11)
  5 hydras
  Harold (Lair:1)
  Erica (D:8)
  A queen ant (Lair:3)
  2 two-headed ogres (D:12)
  A tengu warrior (Gauntlet)
  A wretched star (Gauntlet)
  A necromancer (Gauntlet)
  2 ugly things
  A manticore (D:12)
  3 elephants (Lair:4)
  3 black mambas
  Maurice (D:8)
  9 spiny frogs
  Psyche (D:11)
  2 rime drakes
  11 komodo dragons
  A tengu conjurer (Gauntlet)
  A troll (D:9)
  5 polar bears
  3 hornets
  5 dream sheep (Lair:6)
  9 hippogriffs
  A meliai zombie (D:10)
  4 blink frogs (Lair:5)
  A snapping turtle (Lair:2)
  4 shadows
  Eustachio (D:6)
  6 wyverns
  Grum (D:11)
  A neqoxec (Gauntlet)
  A human (D:12)
  A hungry ghost (D:12)
  3 basilisks
  37 yaks
  2 vampire mosquitoes (D:12)
  Menkaure (D:3)
  2 wargs (D:12)
  4 nagas (Lair:2)
  20 soldier ants (Lair:3)
  9 porcupines
  9 water moccasins
  2 ice beasts
  3 phantoms
  2 black bears
  11 ogres
  14 orc warriors
  5 sky beasts
  3 necrophages
  10 wolves
  3 centaurs
  8 crocodiles
  17 bullfrogs
  2 scorpions
  4 wyvern skeletons
  9 killer bees
  8 howler monkeys
  10 wights
  An electric eel (Lair:2)
  4 crimson imps
  5 centaur zombies
  A quasit (D:6)
  A bullfrog zombie (D:9)
  5 hounds
  14 orc priests
  A human zombie (Ossuary)
  6 iguanas
  5 jellies
  20 orc wizards
  3 centaur skeletons
  35 worker ants
  A killer bee zombie (D:9)
  A big kobold zombie (Ossuary)
  4 hound zombies
  A hound skeleton (D:7)
  3 mummies (Ossuary)
  A howler monkey zombie (D:8)
  3 gnolls
  14 adders
  A howler monkey skeleton (D:9)
  A shadow imp (D:6)
  4 oozes
  6 adder zombies
  A dart slug (D:1)
  A leopard gecko (D:4)
  72 orcs
  6 giant cockroaches
  A gnoll zombie (Ossuary)
  13 goblins
  7 hobgoblins
  8 jackals
  6 kobolds
  6 quokkas
  7 bats
  5 frilled lizards
  4 goblin zombies (Ossuary)
  4 hobgoblin zombies (Ossuary)
  4 jackal zombies
  4 kobold zombies (Ossuary)
  A leopard gecko skeleton (D:5)
  An orc zombie (Ossuary)
  3 quokka zombies
  6 rats
  4 rat zombies
  A plant (Gauntlet)
599 creatures vanquished.

Vanquished Creatures (others)
  A crocodile (Lair:6)
  8 fungi
  15 plants
24 creatures vanquished.

Grand Total: 623 creatures vanquished

Notes
Turn   | Place    | Note
-------+----------+-------------------------------------------
     0 | D:1      | Lanoc the Demonspawn Monk began the quest for the Orb.
     0 | D:1      | Reached XP level 1. HP: 18/18 MP: 1/1
    95 | D:1      | Gained mutation: You are partially covered in molten
                  | scales. (AC +2) [demonic ancestry]
    95 | D:1      | Reached XP level 2. HP: 21/24 MP: 2/2
   371 | D:1      | Reached skill level 1 in Armour
   465 | D:2      | Gained mutation: You have large cloven feet. [demonic
                  | ancestry]
   465 | D:2      | Reached XP level 3. HP: 29/29 MP: 3/3
   521 | D:2      | Reached skill level 3 in Long Blades
   842 | D:2      | Gained mutation: You have sharp fingernails. [potion of
                  | mutation]
   842 | D:2      | Gained mutation: You are robust. (+10% HP) [potion of
                  | mutation]
   851 | D:2      | Reached XP level 4. HP: 19/39 MP: 4/4
   861 | D:2      | Reached XP level 5. HP: 6/46 MP: 5/5
  1630 | D:3      | Reached skill level 4 in Long Blades
  1856 | D:3      | Found a blossoming altar of Fedhas.
  2232 | D:4      | Gained mutation: You regenerate a little health from kills.
                  | [demonic ancestry]
  2232 | D:4      | Reached XP level 6. HP: 46/52 MP: 6/6
  2279 | D:4      | Noticed Menkaure
  2502 | D:3      | Killed Menkaure
  2798 | D:4      | Gained mutation: You have hoof-like feet. [demonic
                  | ancestry]
  2798 | D:4      | Reached XP level 7. HP: 32/60 MP: 7/7
  2914 | D:4      | Found a bloodstained altar of Trog.
  2961 | D:4      | Reached skill level 5 in Long Blades
  2971 | D:4      | You fall through a shaft for 2 floors!
  2981 | D:6      | Found a staircase to the Ecumenical Temple.
  3108 | Temple   | Entered the Ecumenical Temple
  3952 | D:6      | Found a snail-covered altar of Cheibriados.
  3952 | D:6      | Noticed Eustachio
  3970 | D:6      | Reached skill level 5 in Fighting
  4126 | D:5      | Entered Level 5 of the Dungeon
  4142 | D:5      | Gained mutation: When hurt, damage is shared between your
                  | health and your magic reserves. [demonic ancestry]
  4142 | D:5      | Reached XP level 8. HP: 68/68 MP: 8/8
  4166 | D:5      | Reached skill level 6 in Long Blades
  4206 | D:5      | Found a sand-covered staircase.
  4220 | Ossuary  | Entered an ossuary
  4418 | Ossuary  | Reached skill level 5 in Dodging
  4534 | D:5      | Found a burning altar of Makhleb.
  4534 | D:5      | Found a shadowy altar of Dithmenos.
  5447 | D:6      | Reached skill level 7 in Long Blades
  5463 | D:6      | Killed Eustachio
  5552 | D:6      | Reached XP level 9. HP: 75/75 MP: 9/9
  5822 | D:7      | Reached skill level 5 in Armour
  6064 | D:4      | Found a shattered altar of Ashenzari.
  6065 | D:4      | Found a basalt altar of Yredelemnul.
  6065 | D:4      | Found a shimmering altar of Xom.
  6293 | D:4      | Found an opulent altar of Gozag.
  6294 | D:4      | Found a sparkling altar of Nemelex Xobeh.
  6381 | D:5      | Became a worshipper of Dithmenos the Shadowed
  6381 | D:5      | Reached * piety under Dithmenos
  6381 | D:5      | Reached ** piety under Dithmenos
  6623 | D:7      | Reached skill level 1 in Invocations
  6682 | D:7      | Reached skill level 8 in Long Blades
  6912 | D:8      | Noticed Maurice
  7292 | D:8      | Noticed Erica
  7298 | D:8      | Gained mutation: You regenerate magic rapidly. [demonic
                  | ancestry]
  7298 | D:8      | Reached XP level 10. HP: 82/86 MP: 10/12
  7313 | D:8      | Killed Erica
  7429 | D:8      | Reached skill level 9 in Long Blades
  7563 | D:8      | Killed Maurice
  7631 | D:8      | Reached *** piety under Dithmenos
  7695 | D:8      | Found a staircase to the Lair.
  7728 | D:8      | Found a runed translucent door.
  7728 | D:8      | Identified the cursed +2 trident of the Unseen Realm
                  | {venom, Dex+3}
  7729 | D:8      | Noticed Fingolfin's ghost (novice NaWz)
  7962 | D:9      | Reached skill level 5 in Invocations
  8153 | D:9      | Reached **** piety under Dithmenos
  8236 | D:9      | Found a faded altar of an unknown god.
  8236 | D:9      | Found a radiant altar of Vehumet.
  8241 | D:9      | Found a deep blue altar of Sif Muna.
  8243 | D:9      | Found a sacrificial altar of Ru.
  8247 | D:9      | Found a glowing silver altar of Zin.
  8455 | D:10     | Entered Level 10 of the Dungeon
  8664 | D:10     | Reached XP level 11. HP: 70/94 MP: 10/15
  8683 | D:10     | Reached skill level 10 in Long Blades
  9196 | D:11     | Noticed Psyche
  9201 | D:11     | Killed Psyche
  9306 | D:11     | Noticed Grum
  9325 | D:11     | Killed Grum
  9365 | D:11     | Noticed Snorg
  9379 | D:11     | Killed Snorg
  9808 | D:11     | Found a portal to a secret trove of treasure.
 10064 | D:11     | Reached ***** piety under Dithmenos
 10148 | D:12     | Noticed a white ugly thing
 10156 | D:11     | Killed a white ugly thing
 10160 | D:12     | Noticed a two-headed ogre
 10170 | D:12     | Killed a two-headed ogre
 10266 | D:12     | Noticed a two-headed ogre
 10275 | D:12     | Killed a two-headed ogre
 10275 | D:12     | Reached skill level 11 in Long Blades
 10386 | D:12     | Reached skill level 1 in Shields
 10428 | D:12     | Gained mutation: You have hooves in place of feet. [demonic
                  | ancestry]
 10428 | D:12     | Reached XP level 12. HP: 103/103 MP: 17/17
 10444 | D:12     | Noticed Gastronok
 10456 | D:12     | Killed Gastronok
 10545 | D:12     | Found a staircase to the Orcish Mines.
 11376 | Lair:1   | Entered Level 1 of the Lair of Beasts
 11398 | Lair:1   | Noticed Harold
 11411 | Lair:1   | Killed Harold
 12352 | Lair:2   | Found a staircase to the Snake Pit.
 12608 | Lair:2   | Found a staircase to the Shoals.
 12896 | Lair:3   | Noticed a queen ant
 12912 | Lair:3   | Killed a queen ant
 12912 | Lair:3   | Reached skill level 12 in Long Blades
 12915 | Lair:3   | Reached ****** piety under Dithmenos
 13034 | Lair:3   | Gained mutation: You regenerate health from kills. [demonic
                  | ancestry]
 13034 | Lair:3   | Reached XP level 13. HP: 112/112 MP: 20/20
 13844 | Lair:4   | Reached skill level 10 in Fighting
 14290 | Lair:5   | Reached skill level 10 in Invocations
 14521 | Lair:5   | Found a gate leading to a gauntlet.
 14562 | Gauntlet | Entered a Gauntlet
 14562 | Gauntlet | Found a transporter.
 14562 | Gauntlet | Found a transporter.
 14567 | Gauntlet | Found a transporter.
 14567 | Gauntlet | Found a transporter.
 14578 | Gauntlet | Found a transporter.
 14584 | Gauntlet | Noticed a death ooze
 14585 | Gauntlet | Found a transporter.
 14591 | Gauntlet | Found a large runed translucent door.
 14592 | Gauntlet | Found a large runed translucent door.
 14593 | Gauntlet | Found a large runed translucent door.
 14593 | Gauntlet | Found a large runed translucent door.
 14594 | Gauntlet | Found a large runed translucent door.
 14594 | Gauntlet | Found a large runed translucent door.
 14594 | Gauntlet | Found a runed translucent gate.
 14594 | Gauntlet | Found a runed translucent door.
 14595 | Gauntlet | Found a transporter.
 14595 | Gauntlet | Found a runed translucent gate.
 14595 | Gauntlet | Found a transporter.
 14596 | Gauntlet | Found a runed translucent gate.
 14597 | Gauntlet | Found a large runed translucent door.
 14597 | Gauntlet | Found a large runed translucent door.
 14598 | Gauntlet | Found a large runed translucent door.
 14599 | Gauntlet | Found a large runed translucent door.
 14608 | Gauntlet | Found a large runed translucent door.
 14608 | Gauntlet | Found a large runed translucent door.
 14608 | Gauntlet | Found a runed translucent door.
 14617 | Gauntlet | Found a transporter.
 14625 | Gauntlet | Found a transporter.
 14634 | Gauntlet | Found a large runed translucent door.
 14635 | Gauntlet | Found a large runed translucent door.
 14637 | Gauntlet | Found a transporter.
 14655 | Gauntlet | Found a transporter.
 14701 | Gauntlet | Found a transporter.
 14717 | Gauntlet | Found a transporter.
 14818 | Gauntlet | Found a transporter.
 14836 | Gauntlet | Found a transporter.
 14850 | Gauntlet | Found a large runed translucent door.
 14850 | Gauntlet | Found a large runed translucent door.
 15045 | Gauntlet | Got a warped cloak
 15056 | Gauntlet | Identified the cursed +0 cloak "Echytuy" {rN+ Str+3 Int-2
                  | Dex+6} (You found it in a Gauntlet)
 15270 | Gauntlet | Got a crude cloak
 15331 | Gauntlet | Noticed a minotaur
 15346 | Gauntlet | Killed a minotaur
 15371 | Gauntlet | Identified a scroll of acquirement
 15372 | Gauntlet | Identified the +4 cloak of Kiusmam {-Cast MR+ Str+10
                  | Stlth+} (You found it in a Gauntlet)
 15388 | Lair:5   | Got a translucent short sword
 15389 | Lair:5   | Identified the +6 short sword "Xejof" {pierce, rF- rN+++
                  | Dex+4 Stlth+} (You acquired it on level 5 of the Lair of
                  | Beasts)
 15466 | Lair:5   | Reached skill level 13 in Long Blades
 15970 | Lair:6   | Entered Level 6 of the Lair of Beasts
 16009 | Lair:6   | Found the brooch of Shielding {Reflect SH+8}
 16077 | Lair:6   | Found a staircase to the Slime Pits.
 16130 | Lair:6   | Reached XP level 14. HP: 122/122 MP: 22/22
 16186 | Lair:6   | Reached skill level 10 in Dodging
 16458 | Lair:6   | Identified Nemp's Reference Book on Attacks and
                  | Weightlessness
 16470 | Lair:6   | HP: 3/122 [drowned by a drowned soul[a merfolk avatar]
                  | (11)]
 16470 | Lair:6   | Drowned by a drowned soul

Skill      XL: |  1  2  3  4  5  6  7  8  9 10 11 12 13 14 |
---------------+-------------------------------------------+-----
Dodging        | 3 4 5 6 7 8 9 10 | 10.1
Armour         | 1 2 3 4 5 6 7 8 9 |  9.6
Long Blades    | 3 4 5 7 8 9 11 12 13 | 13.4
Fighting       | 4 5 6 7 8 9 10 | 10.8
Invocations    | 3 5 7 9 11 | 11.3
Shields        | 1 3 4 |  4.0
Stealth        | |  1.7

Action                   |  1- 3 |  4- 6 |  7- 9 | 10-12 | 13-15 || total
-------------------------+-------+-------+-------+-------+-------++-------
Melee: Falchion          |    89 |   174 |   582 |    15 |       ||   860
       Kick              |    10 |    55 |   245 |   299 |   213 ||   822
       Scimitar          |       |       |       |   796 |   467 ||  1263
  Use: Potion            |     5 |     3 |     1 |     4 |     5 ||    18
       Scroll            |       |       |    15 |     4 |     6 ||    25
 Stab: Sleeping          |     4 |       |       |       |       ||     4
  Eat: Chunk             |       |     6 |    19 |    27 |    10 ||    62
       Ration            |       |       |     1 |       |       ||     1
Armor: Robe              |    10 |     4 |       |       |       ||    14
       Scale mail        |       |    30 |   120 |   118 |    42 ||   310
       Chain mail        |       |       |       |       |    35 ||    35
Dodge: Dodged            |    75 |   179 |   699 |   888 |   443 ||  2284
Block: Buckler           |       |       |       |    67 |   157 ||   224
       Reflection        |       |       |       |       |     1 ||     1
       Rpst.: Falchion   |    21 |    56 |   214 |     2 |       ||   293
       Scimitar          |       |       |       |   198 |    96 ||   294
